Map: Sueño eterno EE

Players

MASTERMIND

  • Race: Protoss Protoss
  • League: Gold
  • Spawn Location: 7:00

MrFercho - Winner!

  • Race: Zerg Zerg
  • League: Silver
  • Spawn Location: 1:00

VOD

Have the link to the VOD?

Description

Time

  • Played on: July 4, 2020, 12:40 p.m.
  • Length: 15:08
Show
View Real Time Build Order
Export as new Build Order

MASTERMIND Protoss 

Build Orders:  

Get SALT Encoding   

  12  0:03  Probe  
  13  0:15  Probe  
  14  0:28  Pylon, Probe  
  15  0:46  Probe  
  15  0:49  Gateway  
  16  0:53  Forge  
  16  0:58  Assimilator  
  16  1:03  Probe  
  17  1:15  Probe  
  18  1:27  Probe  
  19  1:35  Photon Cannon  
  19  1:39  Cybernetics Core  
  19  1:44  Pylon  
  19  1:50  Assimilator  
  19  1:55  Zealot  
  21  2:04  Gateway  
  21  2:12  Pylon  
  21  2:22  Warp Gate, Zealot  
  23  2:27  Probe  
  24  2:39  Probe  
  25  2:54  Photon Cannon  
  25  2:55  Stalker  
  27  3:00  Probe  
  28  3:12  Probe  
  29  3:16  Twilight Council  
  29  3:24  Probe  
  29  3:27  Zealot  
  32  3:38  Robotics Facility  
  32  3:41  Zealot  
  34  3:58  Pylon  
  34  4:07  Charge  
  34  4:18  Photon Cannon  
  34  4:31  Immortal  
  38  4:46  Nexus  
  38  4:57  Zealot  
  40  5:00  Zealot  
  42  5:12  Gateway  
  42  5:22  Zealot  
  42  5:23  Zealot  
  46  5:30  Gateway  
  46  5:38  Pylon  
  46  5:59  Pylon  
  46  6:00  Zealot  
  46  6:01  Zealot  
  50  6:14  Pylon  
  28  7:20  Stalker  
  28  7:22  Stalker  
  28  7:25  Zealot  
  28  7:26  Zealot  
  28  7:29  Probe  
  33  7:35  Probe  
  34  7:41  Probe  
  34  7:44  Stargate  
  35  7:47  Probe  
  35  7:49  Zealot  
  35  7:50  Dark Shrine, Zealot  
  40  7:51  Zealot  
  40  7:52  Zealot  
  40  7:53  Probe  
  40  7:56  Immortal  
  49  8:00  Probe  
  50  8:05  Probe  
  50  8:07  Protoss Ground Weapons Level 1  
  50  8:12  Stalker  
  53  8:13  Zealot  
  53  8:17  Probe  
  56  8:24  Assimilator  
  56  8:28  Stalker  
  56  8:30  Zealot  
  60  8:44  Probe  
  60  8:45  Gateway  
  60  8:47  Immortal  
  61  8:56  Probe  
  66  9:13  Dark Templar  
  66  9:14  Dark Templar  
  66  9:16  Dark Templar  
  72  9:21  Dark Templar  
  74  9:31  Probe  
  75  9:42  Fleet Beacon  
  75  9:44  Probe  
  76  9:56  Probe  
  77  10:08  Assimilator  
  47  11:08  Stalker  
  47  11:09  Stalker x3  
  47  11:10  Stalker  
  55  11:30  Phoenix  
  51  11:48  Stalker  
  51  11:49  Stalker x2  
  51  11:50  Stalker  
  51  11:51  Stalker  
  51  11:52  Phoenix  
  51  11:54  Probe  
  62  11:59  Protoss Air Weapons Level 1  
  62  12:02  Pylon  
  62  12:07  Photon Cannon  
  62  12:10  Photon Cannon  
  62  12:14  Photon Cannon  
  62  12:17  Phoenix  
  62  12:22  Photon Cannon  
  64  12:31  Nexus  
  64  12:41  Photon Cannon  
  64  12:47  Stalker x2  
  64  12:48  Stalker x2  
  64  12:49  Stalker  
  74  12:54  Blink  
  45  13:28  Tempest  
  45  13:30  Dark Templar  
  45  13:32  Dark Templar  
  27  13:51  Dark Templar  
  27  13:53  Dark Templar  
  35  14:14  Dark Templar  
  11  14:48  Dark Templar  
Show
View Real Time Build Order
Export as new Build Order

MrFercho Zerg - Winner!

Build Orders: Pool First 

Get SALT Encoding   

  12  0:13  Overlord  
  13  0:14  Drone  
  13  0:17  Drone  
  14  0:31  Drone  
  15  0:39  Extractor  
  14  0:45  Spawning Pool  
  14  0:47  Drone  
  14  0:50  Drone  
  14  0:56  Drone  
  16  1:08  Drone  
  17  1:21  Drone  
  18  1:32  Hatchery, Drone  
  18  1:39  Drone  
  19  1:49  Queen  
  21  1:54  Overlord  
  21  2:01  Metabolic Boost  
  21  2:05  Drone  
  22  2:13  Drone  
  23  2:23  Drone  
  24  2:31  Lair  
  24  2:35  Zergling x2  
  25  2:50  Overlord  
  25  2:51  Drone  
  25  2:54  Drone  
  25  2:56  Drone  
  28  3:08  Queen  
  28  3:09  Drone x2  
  32  3:16  Zergling x2  
  33  3:50  Drone  
  33  3:51  Drone x6  
  33  3:55  Overlord  
  40  4:10  Hydralisk Den  
  40  4:15  Evolution Chamber  
  40  4:16  Extractor  
  37  4:31  Drone x8  
  37  4:32  Drone  
  37  4:38  Extractor  
  44  4:41  Muscular Augments  
  44  4:58  Zerg Missile Weapons Level 1  
  44  5:09  Zergling x2  
  44  5:10  Zergling x12  
  44  5:11  Overlord x2  
  51  5:16  Extractor  
  50  5:38  Hydralisk x7  
  64  5:46  Overseer  
  64  5:52  Drone x3, Grooved Spines  
  67  6:08  Hatchery  
  66  6:21  Evolution Chamber  
  58  6:34  Hydralisk x5  
  61  6:45  Spire  
  52  6:55  Hydralisk x3, Spine Crawler  
  52  6:57  Spine Crawler  
  52  6:58  Spine Crawler  
  52  6:59  Spine Crawler  
  44  7:32  Zerg Missile Weapons Level 2  
  44  7:38  Drone x6  
  44  7:42  Hydralisk  
  44  7:43  Hydralisk x3  
  58  7:57  Hatchery  
  58  7:58  Hatchery  
  56  8:04  Zerg Ground Armor Level 1  
  56  8:12  Drone x7  
  63  8:15  Zerg Flyer Weapons Level 1  
  63  8:35  Overlord  
  63  8:36  Overlord x4  
  63  8:37  Overlord x2  
  63  9:08  Mutalisk x6  
  63  9:09  Mutalisk x2  
  79  9:18  Mutalisk  
  81  9:25  Extractor, Drone  
  81  9:26  Drone x9  
  81  9:27  Extractor  
  89  9:38  Mutalisk  
  89  9:39  Mutalisk x2  
  95  10:08  Drone x6  
  95  10:10  Drone x3  
  95  10:11  Drone x2  
  95  10:12  Drone x3  
  109  10:21  Zerg Ground Armor Level 2  
  109  10:26  Infestation Pit  
  90  10:37  Overseer  
  90  10:38  Spore Crawler  
  90  10:39  Overseer  
  90  10:40  Overseer  
  90  10:42  Overseer  
  68  11:04  Overseer, Spore Crawler  
  68  11:05  Overseer  
  64  11:13  Lair  
  63  11:39  Hydralisk  
  63  11:40  Hydralisk x12  
  63  11:43  Zergling x2  
  63  11:44  Zergling x8  
  94  11:57  Hatchery  
  93  12:42  Hive  
  93  12:45  Spire  
  65  13:21  Hydralisk  
  65  13:22  Hydralisk x11  
  65  13:25  Zergling x2  
  65  13:26  Zergling x14  
  93  13:44  Drone x6  
  93  13:45  Drone x3  
  101  14:20  Hydralisk x10  
  101  14:22  Hydralisk  
  114  14:41  Hydralisk x3  
  114  14:42  Hydralisk  
Tags
 
Matchup
PvZ
Opening
Pool First
Replay Pack
MrFercho
Spawn Locations
Cross Positions
Add a new tag
Caveats
  • Supply blocks, unpowered buildings, or Contaminate may cause inaccurate times.
  • Supply counts are checked every 10 seconds.